 Dungeon Crawl Stone Soup version 0.23-b1-86-gba62f8e092 (webtiles) character file.

Game seed: 17822055881382819023

201 Xerberus86 the Chopper (level 5, 0/42 HPs)
             Began as a Demonspawn Berserker on Feb 8, 2019.
             Was a Believer of Trog.
             Slain by a worker ant (2 damage)
             ... on level 4 of the Dungeon.
             The game lasted 00:12:54 (3217 turns).

Xerberus86 the Chopper (Demonspawn Berserker)       Turns: 3217, Time: 00:12:55

Health: 0/42       AC: 10    Str: 18    XL:     5   Next: 50%
Magic:  5/5        EV: 10    Int:  9    God:    Trog [**....]
Gold:   93         SH:  0    Dex: 12    Spells: 4/4 levels left

rFire    . . .     SeeInvis .   a - +0 hand axe
rCold    . . .     Gourm    .   (no shield)
rNeg     . . .     Faith    .   l - +0 chain mail
rPois    .         Spirit   .   (no helmet)
rElec    .         Reflect  .   (no cloak)
rCorr    .         Harm     .   k - +0 pair of gloves
MR       ++...                  (no boots)
Stlth    ..........             (no amulet)
HPRegen  1.14/turn              (no ring)
MPRegen  0.09/turn              (no ring)

@: regenerating
A: powered by death 1, sturdy frame 2
a: Berserk, Trog's Hand, Renounce Religion


You were on level 4 of the Dungeon.
You worshipped Trog.
Trog was pleased with you.
You were not hungry.

You visited 1 branch of the dungeon, and saw 4 of its levels.

You collected 93 gold pieces.

Inventory:

Hand Weapons
 a - a +0 hand axe (weapon)
Missiles
 i - 10 javelins (quivered)
Armour
 d - a +2 cloak
 e - a +0 ring mail
 k - a +0 pair of gloves (worn)
 l - a +0 chain mail (worn)
Wands
 p - a wand of digging (4)
Scrolls
 h - a scroll of identify {unknown}
 m - a scroll of teleportation {unknown}
 n - a scroll of remove curse {unknown}
Potions
 f - a potion of brilliance {unknown}
 g - 2 potions of might {unknown}
 j - 3 potions of heal wounds {unknown}
 o - 3 potions of curing {unknown}
Comestibles
 b - 3 chunks of flesh
 c - 2 rations


   Skills:
 + Level 4.0 Fighting
 * Level 4.3 Axes
 + Level 2.9 Armour
 - Level 2.1 Dodging


You had 4 spell levels left.
You didn't know any spells.
Your spell library was empty.

Dungeon Overview and Level Annotations

Branches:
Dungeon (4/15)
 Temple: D:4-7

Altars:
Cheibriados
Elyvilon
Fedhas
Hepliaklqana
Kikubaaqudgha
Makhleb
Trog

Annotations:
D:4 Pikel


Innate Abilities, Weirdness & Mutations

You regenerate a little health from kills.
Your movements are less encumbered by armour. (ER -4)


Message History

You slash the slave! You hit the slave.
Pikel hits you with a +2 whip of freezing.
* * * LOW HITPOINT WARNING * * *
Pikel freezes you.
* * * LOW HITPOINT WARNING * * *
The slave barely misses you. The slave hits you.
* * * LOW HITPOINT WARNING * * *
The slave barely misses you. The worker ant barely misses you.
Your skin crawls.
You feel resistant to hostile enchantments.
You feel somewhat more hungry. The slave hits you.
* * * LOW HITPOINT WARNING * * *
Pikel hits you with a +2 whip of freezing.
* * * LOW HITPOINT WARNING * * *
Pikel freezes you.
* * * LOW HITPOINT WARNING * * *
The slave hits you.
* * * LOW HITPOINT WARNING * * *
The worker ant bites you.
You die...

## ... ##### #######
....####...#####.....##.
................<.......
.......%a...####.....#.#
..%..._.p@K.#....p.#.#
####....pp....####.# ..
#....8.._..# ..p #
#..........# ..#p.
##._....[..# .# .p
#..._....## .. .
###........ #.
##...##### #####


You could see Pikel, 3 slaves and a worker ant.

Vanquished Creatures
  A hound (D:2)
  Natasha (thrice) (D:2)
  3 adders
  2 worms (D:2)
  A dart slug (D:3)
  4 leopard geckos
  An orc (D:3)
  3 ball pythons (D:3)
  3 giant cockroaches
  9 goblins
  7 hobgoblins
  A quokka (D:2)
  5 bats
  6 frilled lizards
  3 kobolds
  6 rats
58 creatures vanquished.

Notes
Turn   | Place    | Note
-------+----------+-------------------------------------------
     0 | D:1      | Xerberus86 the Demonspawn Berserker began the quest for the
                  | Orb.
     0 | D:1      | Reached XP level 1. HP: 18/18 MP: 1/1
    75 | D:1      | Gained mutation: Your movements are slightly less
                  | encumbered by armour. (ER -2) [demonic ancestry]
    75 | D:1      | Reached XP level 2. HP: 15/24 MP: 2/2
  1164 | D:2      | Gained mutation: Your movements are less encumbered by
                  | armour. (ER -4) [demonic ancestry]
  1164 | D:2      | Reached XP level 3. HP: 24/29 MP: 3/3
  1357 | D:2      | Reached ** piety under Trog
  1357 | D:2      | Gained mutation: You regenerate a little health from kills.
                  | [demonic ancestry]
  1357 | D:2      | Reached XP level 4. HP: 35/35 MP: 4/4
  1370 | D:2      | Found a snail-covered altar of Cheibriados.
  1661 | D:2      | Noticed Natasha
  1674 | D:2      | Killed Natasha
  1956 | D:2      | Noticed Natasha
  1963 | D:2      | Killed Natasha
  2161 | D:2      | Noticed Natasha
  2177 | D:2      | Killed Natasha
  2177 | D:2      | Reached XP level 5. HP: 30/42 MP: 5/5
  2880 | D:3      | Found a bloodstained altar of Trog.
  3189 | D:4      | Found a white marble altar of Elyvilon.
  3189 | D:4      | Noticed a slave
  3190 | D:4      | Noticed Pikel
  3190 | D:4      | Noticed a slave
  3190 | D:4      | Noticed a slave
  3191 | D:4      | Noticed a slave
  3192 | D:4      | Found a blossoming altar of Fedhas.
  3194 | D:4      | Found an ancient bone altar of Kikubaaqudgha.
  3194 | D:4      | Found a hazy altar of Hepliaklqana.
  3194 | D:4      | Found a burning altar of Makhleb.
  3217 | D:4      | HP: 2/42 [slave[Pikel] (1)]
  3217 | D:4      | Slain by a worker ant

Skill      XL: |  1  2  3  4  5 |
---------------+----------------+-----
Armour         | 2 |  2.9
Dodging        | 2 |  2.1
Axes           | 3 4 |  4.3
Fighting       | 4 |  4.0

Action                   |  1- 3 |  4- 6 || total
-------------------------+-------+-------++-------
Melee: Hand axe          |    91 |   122 ||   213
Throw: Javelin           |     2 |       ||     2
Invok: Berserk           |       |     2 ||     2
       Trog's Hand       |       |     1 ||     1
  Eat: Chunk             |     1 |     5 ||     6
       Ration            |       |     1 ||     1
Armor: Ring mail         |    22 |       ||    22
       Chain mail        |    24 |    83 ||   107
Dodge: Dodged            |    67 |    74 ||   141
